 Dungeon Crawl Stone Soup version 0.28.0-47-ge53b351184 (webtiles) character file.

Game seed: 13666975953975305813

63 firemarshallily the Caller (level 4, -1/30 HPs)
             Began as a Merfolk Summoner on May 9, 2022.
             Succumbed to Crazy Yiuf's poison
             ... on level 1 of the Dungeon.
             The game lasted 00:07:51 (2753 turns).

firemarshallily the Caller (Merfolk Summoner)       Turns: 2753, Time: 00:07:51

Health: -1/30      AC:  4    Str:  8    XL:     4   Next: 9%
Magic:  8/8        EV: 13    Int: 16    God:
Gold:   37         SH:  0    Dex: 14    Spells: 2/8 levels left

rFire   . . .      SeeInvis .   k - +1 short sword (freeze)
rCold   . . .      Faith    .   (no shield)
rNeg    . . .      Spirit   .   a - +0 robe
rPois   .          Reflect  .   f - +2 hat
rElec   .          Harm     .   (no cloak)
rCorr   .          Rampage  .   (no gloves)
Will    .....                   (no boots)
Stlth   ++........              (no amulet)
HPRegen 0.10/turn               (no ring)
MPRegen 0.11/turn               (no ring)

@: lethally poisoned (-1 -> -7)
A: (nimble swimmer 2), mertail
a: no special abilities


You were on level 1 of the Dungeon.
You visited 1 branch of the dungeon, and saw 2 of its levels.

You collected 37 gold pieces.

Inventory:

Hand Weapons
 k - a +1 short sword of freezing (weapon)
Missiles
 d - 2 throwing nets
 j - 24 stones
Armour
 a - a +0 robe (worn)
 f - a +2 hat (worn)
Scrolls
 e - 2 scrolls of identify {unknown}
 g - a scroll of teleportation {unknown}
 h - a scroll of holy word {unknown}
 i - 2 scrolls of immolation {unknown}
Potions
 b - a potion of resistance {unknown}
 c - 2 potions of curing {unknown}
 l - a potion of magic {unknown}


   Skills:
 - Level 3.0 Dodging
 - Level 2.4 Stealth
 + Level 2.7 Spellcasting
 * Level 4.9 Summonings


You had 2 spell levels left.
You knew the following spells:

 Your Spells              Type           Power      Damage    Failure   Level
a - Summon Small Mammal   Summ           72%        N/A       2%          1
b - Call Imp              Summ           18%        N/A       3%          2
c - Call Canine Familiar  Summ           18%        N/A       8%          3

Your spell library contained the following spells:

 Spells                   Type           Power      Damage    Failure   Level
 Animate Skeleton         Necr           4%         N/A       19%         1
 Apportation              Tloc           4%         N/A       19%         1
 Beastly Appendage        Tmut           4%         N/A       19%         1
 Magic Dart               Conj           8%         1d3       19%         1
 Wereblood                Tmut           2%         N/A       28%         2
 Summon Guardian Golem    Hex/Summ       10%        N/A       22%         3
 Mephitic Cloud           Conj/Pois/Air  2%         N/A       50%         3
 Spider Form              Tmut/Pois      2%         N/A       50%         3
 Summon Lightning Spire   Summ/Air       10%        N/A       56%         4


Dungeon Overview and Level Annotations

Branches:
Dungeon (2/15)

Altars:

Annotations:
D:1 Crazy Yiuf


Innate Abilities, Weirdness & Mutations

((You are very nimble when in or above water. (Stealth+, EV+, Speed+++)))
Your lower body shifts to a powerful aquatic tail in water.


Message History

Your crimson imp dies!
Your crimson imp disappears in a puff of smoke!
Crazy Yiuf flaps his cloak.
Casting: Summon Small Mammal (safe; 2% risk of failure)
Confirm with . or Enter, or press ? or * to list all spells.
Your rat bites Crazy Yiuf.
Crazy Yiuf hits your rat with a +3 quarterstaff of chaos!
Your rat dies!
Your rat's corpse disappears in a puff of smoke!
Crazy Yiuf says, "Aardvark aubergine bush!"
Crazy Yiuf says, "Earwax tired testudinal!"
Crazy Yiuf whimpers, "Scoff poople leg!"
Crazy Yiuf whimpers, "Fluff!"
You see here a +0 ring mail.
Crazy Yiuf says, "Buddy head leg!"
Crazy Yiuf glowers.
There is a stone staircase leading up here.
Crazy Yiuf cries, "Cholesterol head high!"
Crazy Yiuf says, "Sif Muna rumpyflump green!"
Crazy Yiuf laughs, "Orb!
Goldfish hand stair."
Crazy Yiuf says, "Shower horse koolooloo!"
Crazy Yiuf laughs, "Flower!"
Crazy Yiuf says, "Earwax shoe pontify!"
There is a stone staircase leading up here.
You climb upwards.
There is a stone staircase leading down here.
You start resting.
Magic restored.
You start resting.
HP restored.
You climb downwards.
Level annotation: Crazy Yiuf Crazy Yiuf hits you with a +3 quarterstaff of chaos!
You are poisoned.
There is a stone staircase leading up, spattered with blood here.
You feel sick.
Crazy Yiuf hits you with a +3 quarterstaff of chaos!
* * * LOW HITPOINT WARNING * * *
You climb upwards.
You die...

###########################.#.#
........................).....#
########################......###
######....... ######
#............ #....#
#.####....##. #....# #.# #.......
#############..g.# #.# #.......
................@# #.# #......#
...#####.#######.# #.# #.....##
.#.#####.#######.# #.# #......#
.#...............####.# #..#...#
.#...###.######.......# #......#
.#.#.# #.# #.####..# ##.#..##
.#.#.# #.######....#..# #.#..##
.....# #.##........#..#####.#..##
.#.### #.##........#.....##.#..##


You could see Crazy Yiuf.

Vanquished Creatures
  An adder (D:2)
  2 hobgoblins
  A ball python (D:2)
  A rat (D:2)
5 creatures vanquished.

Vanquished Creatures (collateral kills)
  An adder (D:2)
  A worm (D:2)
  2 dart slugs
  2 endoplasms
  2 giant cockroaches (D:1)
  2 goblins (D:2)
  4 hobgoblins
  4 jackals (D:2)
  2 quokkas (D:2)
  3 ball pythons
  2 bats (D:1)
  A frilled lizard (D:1)
  3 kobolds
  A rat (D:2)
30 creatures vanquished.

Grand Total: 35 creatures vanquished

Notes
Turn   | Place    | Note
-------+----------+-------------------------------------------
     0 | D:1      | firemarshallily the Merfolk Summoner began the quest for
                  | the Orb.
     0 | D:1      | Reached XP level 1. HP: 13/13 MP: 3/3
     2 | D:1      | Noticed a spriggan
     2 | D:1      | Noticed an ogre
     4 | D:1      | Noticed a draconian
     4 | D:1      | Noticed an octopode
     6 | D:1      | Noticed a minotaur
     8 | D:1      | Noticed a naga
     8 | D:1      | Noticed an elf
    10 | D:1      | Noticed a merfolk
    12 | D:1      | Noticed a demigod
    12 | D:1      | Noticed a vine stalker
    14 | D:1      | Noticed a demonspawn
    14 | D:1      | Noticed a human
    16 | D:1      | Noticed a dwarf
    18 | D:1      | Noticed a vampire
    18 | D:1      | Noticed a formicid
    20 | D:1      | Noticed a gargoyle
    22 | D:1      | Noticed a troll
    22 | D:1      | Noticed a felid
    24 | D:1      | Noticed a tengu
    26 | D:1      | Noticed a ghoul
   491 | D:1      | Reached XP level 2. HP: 19/19 MP: 0/5
   494 | D:1      | Learned a level 2 spell: Call Imp
  1487 | D:2      | Reached XP level 3. HP: 24/24 MP: 0/6
  1492 | D:2      | Learned a level 3 spell: Call Canine Familiar
  2130 | D:2      | Reached XP level 4. HP: 13/30 MP: 1/7
  2537 | D:2      | Found a runed translucent door.
  2538 | D:2      | Noticed Crazy Yiuf
  2752 | D:2      | HP: 1/30 [Crazy Yiuf/+3 quarterstaff of chaos (13)]
  2753 | D:1      | Succumbed to Crazy Yiuf's poison

Illustrated notes

Levels and vault maps discovered:
D:1:      kb_arrival_jail, layout_basic
D:2:      layout_loops_ring, minmay_tree_intersection, uniq_crazy_yiuf_cottage

Skill      XL: |  1  2 |
---------------+-------+-----
Dodging        | 3 |  3.0
Stealth        | |  2.4
Spellcasting   | |  2.7
Summonings     | |  4.9

Action                   |  1- 3 |  4- 6 || total
-------------------------+-------+-------++-------
Melee: Unarmed           |    12 |       ||    12
       Short sword       |    12 |     1 ||    13
       Punch             |     1 |       ||     1
 Cast: Summon Small Mamm |    39 |     8 ||    47
       Call Imp          |    17 |     4 ||    21
       Call Canine Famil |       |     1 ||     1
 Stab: Distracted        |     1 |       ||     1
Armor: Robe              |     5 |       ||     5
Dodge: Dodged            |    19 |       ||    19
